cohdb
Replays
Latest Replays
All Replays
Popular Replays
Top Player Replays
Match Explorer
How It Works
Community
CoH3 Stats
Reddit
Sign in to upload your games and track your stats! →
Sign in with Steam
Match 38722004
Unlisted
Match 38722004
Overview
Messages
Build Orders
End
Panzergrenadier Squad
Selects Armored Support Battlegroup
Panzergrenadier Squad
250 Light Carrier
Construct Light Support Kompanie
Panzerjäger Squad
Selects Veteran Gunners
Fire Support Elements
MG34 Team
Assault Mechanized Group
Combat Half-tracks
Pak 38 Anti-tank Gun Team
Construct Panzerarmee Kommand
Panzer III L Medium Tank
2.5-tonne Medical Truck
Walking Stuka Rocket Launcher
Selects Flammpanzer III Medium Tank
ColdBlood
S1train
Steiner BG
PurePinoy
0
0
Comments
sign in to comment!
No comments posted yet!